 Dungeon Crawl Stone Soup version 0.28-a0-622-gbaef9634d7 (webtiles) character file.

Game seed: 14099438841176349524

21684 robertstho the Thaumaturge (level 13, -8/90 HPs)
             Began as a Djinni Fire Elementalist on Oct 7, 2021.
             Was an Initiate of Gozag.
             Mangled by a komodo dragon (25 damage)
             ... on level 2 of the Lair of Beasts.
             The game lasted 00:25:29 (14463 turns).

robertstho the Thaumaturge (DjFE)                  Turns: 14463, Time: 00:25:30

Health: -8/90      AC:  8    Str: 13    XL:     13   Next: 21%
Gold:   1250       EV: 14    Int: 20    God:    Gozag SH:  0 Dex: 16

rFire   + + .      SeeInvis +   m - +3 short sword (venom)
rCold   x . .      Faith    .   (no shield)
rNeg    + . .      Spirit   .   B - +1 robe "Ponifeclaa" {rN+ Regen+ SInv}
rPois   ∞          Reflect  .   o - +1 helmet
rElec   .          Harm     .   (no cloak)
rCorr   +          Rampage  .   H - +2 pair of gloves
Will    +....                   (boots unavailable)
Stlth   +++.......              (no amulet)
HPRegen 1.25/turn               w - +6 ring of strength
MPRegen 0.00/turn               E - ring of resist corrosion

@: gold aura, flying
A: sickness immunity, fire resistance 2, cold vulnerability 1, float, innate
caster, hp casting, extra vitality 1
a: Renounce Religion, Potion Petition, Call Merchant, Bribe Branch


You were on level 2 of the Lair of Beasts.
You worshipped Gozag.
Gozag was most pleased with you.
You visited 2 branches of the dungeon, and saw 13 of its levels.
You also visited: Ossuary and Bailey.

You collected 2726 gold pieces.
You spent 538 gold pieces at shops.
You paid 938 gold pieces to Gozag.

Inventory:

Hand Weapons
 a - a +4 short sword of speed
 m - a +3 short sword of venom (weapon)
Missiles
 G - 2 throwing nets
Armour
 n - a +2 animal skin
 o - a +1 helmet (worn)
 p - a +0 pair of gloves
 B - the +1 robe "Ponifeclaa" (worn) {rN+ Regen+ SInv}
   (You found it on level 5 of the Dungeon)

   rN:        It protects you from negative energy.
   SInv:      It lets you see invisible.
   Regen:     It increases your rate of health regeneration.
 H - a +2 pair of gloves (worn)
Magical Staves
 q - a staff of air
Jewellery
 w - a +6 ring of strength (left hand)
 x - a ring of fire
 E - a ring of resist corrosion (right hand)
 O - a +6 ring of intelligence
Wands
 h - a wand of flame (43)
 u - a wand of mindburst (16)
 I - a wand of paralysis (3)
 J - a wand of iceblast (33)
 M - a wand of digging (6)
 P - a wand of polymorph (8)
Scrolls
 f - a scroll of fog
 g - 3 scrolls of enchant weapon
 i - 7 scrolls of teleportation
 t - a scroll of brand weapon
 y - 5 scrolls of enchant armour
 z - 2 scrolls of torment
 A - 3 scrolls of fear
 C - a scroll of summoning
 F - 2 scrolls of immolation
 K - 2 scrolls of blinking
 N - 2 scrolls of magic mapping {unknown}
 Q - a scroll of vulnerability
Potions
 b - 3 potions of brilliance {unknown}
 c - 9 potions of curing {unknown}
 d - 6 potions of flight
 e - 3 potions of mutation {unknown}
 j - 4 potions of lignification {unknown}
 k - 6 potions of heal wounds
 l - 2 potions of invisibility {unknown}
 r - 2 potions of haste {unknown}
 s - a potion of attraction {unknown}
 v - 2 potions of might {unknown}
 D - a potion of ambrosia {unknown}
Miscellaneous
 L - a condenser vane


   Skills:
 * Level 7.5 Fighting
 + Level 3.0 Short Blades
 + Level 4.7 Dodging
 + Level 4.4 Stealth
 * Level 14.4 Spellcasting


You had 9 spell levels left.
You knew the following spells:

 Your Spells              Type           Power      Damage    Failure   Level
a - Foxfire               Conj/Fire      100%       2x1d9     0%          1
b - Scorch                Fire           100%       2d10      1%          2
c - Conjure Flame         Conj/Fire      64%        6-21      1%          3
d - Inner Flame           Hex/Fire       64%        N/A       1%          3
e - Flame Wave            Conj/Fire      64%        3d11      1%          4
f - Beastly Appendage     Tmut           100%       N/A       0%          1
g - Searing Ray           Conj           100%       2d8       1%          2
h - Wereblood             Tmut           64%        N/A       1%          2
i - Call Canine Familiar  Summ           64%        N/A       1%          3
j - Summon Mana Viper     Hex/Summ       64%        N/A       1%          5
k - Yara's Violent Unrav  Hex/Tmut       32%        3d13      1%          5
Your spell library was empty.

Dungeon Overview and Level Annotations

Branches:
Dungeon (11/15)            Temple (0/1) D:7            Lair (2/6) D:9
    Orc (0/2) D:10        Ossuary (visited)          Bailey (visited)
  Swamp: Lair:2-4    Shoals: Lair:2-4     Snake: Lair:2-4    Spider: Lair:2-4

Altars:
Ashenzari
Cheibriados
Dithmenos
Fedhas
Gozag
Ru
Vehumet
Yredelemnul
The Shining One
Beogh
Lugonu

Shops:
D:2 :   D:9 ?

Portals:
Abyss: Lair:1


Innate Abilities, Weirdness & Mutations

You are immune to sickness and miasma.
You are immune to poison.
Your flesh is very heat resistant. (rF++)
You are vulnerable to cold. (rC-)
You float through the air rather than walking.
You learn spells naturally, not from books.
Your magical power is your life essence.
You have superior vitality. (+4 HP)


Message History

The flame wave engulfs the wolf!
The wolf is severely wounded.
The flame wave engulfs the wolf!!
The wolf is almost dead.
You hear a howl!
The komodo dragon completely misses you.
The wolf bites you.
A wave of flame ripples out!
The flame wave engulfs the wolf!
You kill the wolf!
The flame wave engulfs the wolf!!
You kill the wolf!
The flame wave engulfs the komodo dragon!
The komodo dragon is severely wounded.
The flame wave engulfs the wolf!
You kill the wolf!
You finish channelling waves of flame.
The komodo dragon bites you!
Unknown command.
Unknown command.
Casting: Flame Wave (safe; 1% risk of failure)
Confirm with . or Enter, or press ? or * to list all spells.
Flames lash the komodo dragon.
The komodo dragon is severely wounded.
The komodo dragon's fire resistance burns away.
A wolf comes into view.
The komodo dragon bites you!!
* * * LOW HITPOINT WARNING * * *
The wolf howls!
Casting: Scorch (safe; 1% risk of failure)
Confirm with . or Enter, or press ? or * to list all spells.
Casting: Flame Wave (safe; 1% risk of failure)
Press: ? - help, Dir - look around, f - activate A wave of flame ripples out!
The flame wave engulfs the komodo dragon.
The komodo dragon is burned terribly!
The komodo dragon is almost dead. (Press . to intensify the flame waves.)
* * * LOW HITPOINT WARNING * * *
The komodo dragon bites you!!
You die...
Your body crumbles into a pile of gold.

#### # #########[#.#
#.#..>........#
#....(.....(.##..
#............#...
..#..$.$.........# .
#.h...$@.......P.+
#. ##.+...l.......#
#.## #...........#
#..### #.........(.#
#....# ##P.#.#+.####
#.#.## ######.##
#....###########..P#
#......##..#.#.#).##
##...........###...#


You could see a komodo dragon (combustible) and a wolf.

Vanquished Creatures
  2 hydras (Lair:1)
  A catoblepas (D:10)
  2 two-headed ogres (D:11)
  Sonja (D:10)
  2 orc knights (Bailey)
  An ugly thing (D:10)
  A torpor snail (Lair:2)
  A black mamba (Lair:1)
  4 centaur zombies
  4 cane toads
  4 komodo dragons
  A kobold demonologist (D:10)
  Prince Ribbit (D:5)
  2 trolls
  2 hornets
  Sigmund (D:2)
  A wraith (D:9)
  3 wyverns
  10 yaks
  Grum (D:9)
  2 basilisks (Lair:1)
  Menkaure (D:5)
  An acid dragon (D:10)
  7 water moccasins
  8 orc warriors
  4 ice beasts
  14 wolves
  A necrophage (D:6)
  4 ogres
  2 centaurs
  4 kobold brigands (D:10)
  6 bullfrogs
  2 scorpions
  Blork the orc (D:5)
  A water moccasin zombie (D:5)
  A wyvern skeleton (D:7)
  9 wights
  11 killer bees
  2 howler monkeys
  7 electric eels (D:10)
  A hound (D:6)
  A bullfrog skeleton (D:5)
  A gnoll shaman (D:6)
  6 orc priests
  3 jellies
  3 iguanas
  11 orc wizards
  2 killer bee zombies
  8 mummies (Ossuary)
  Robin (D:3)
  14 gnolls
  A howler monkey skeleton (D:4)
  9 adders
  A white imp (D:6)
  A worm zombie (D:4)
  2 adder skeletons (D:4)
  An adder zombie (D:3)
  3 worms
  4 dart slugs
  47 orcs
  5 endoplasms
  11 giant cockroaches
  A gnoll zombie (Ossuary)
  23 goblins
  10 hobgoblins
  9 jackals
  3 quokkas
  5 ball pythons
  6 bats
  2 frilled lizards (D:3)
  A hobgoblin zombie (Ossuary)
  21 kobolds
  2 kobold zombies (Ossuary)
  4 orc zombies (Ossuary)
  7 rats
  A lurking horror (Lair:1)
364 creatures vanquished.

Vanquished Creatures (collateral kills)
  A catoblepas (Lair:2)
  A boulder beetle (D:11)
  A two-headed ogre (D:10)
  An ugly thing (D:11)
  A vampire mosquito (D:11)
  2 bullfrogs (Lair:2)
  2 foxfires (Lair:2)
9 creatures vanquished.

Vanquished Creatures (others)
  954 foxfires
  40 fungi
  30 plants
1024 creatures vanquished.

Grand Total: 1397 creatures vanquished

Notes
Turn   | Place    | Note
-------+----------+-------------------------------------------
     0 | D:1      | robertstho the Djinni Fire Elementalist began the quest for
                  | the Orb.
     0 | D:1      | Reached XP level 1. HP: 15/15 MP: 0/0
   324 | D:1      | Reached XP level 2. HP: 18/21 MP: 0/0
   832 | D:1      | Reached skill level 3 in Spellcasting
   832 | D:1      | Reached XP level 3. HP: 22/26 MP: 0/0
   832 | D:1      | Learned a level 1 spell: Beastly Appendage
  1688 | D:2      | Reached XP level 4. HP: 24/31 MP: 0/0
  1844 | D:2      | Reached skill level 1 in Fighting
  2068 | D:2      | Reached XP level 5. HP: 20/37 MP: 0/0
  2068 | D:2      | Learned a level 2 spell: Searing Ray
  2223 | D:2      | Noticed Sigmund
  2676 | D:2      | Killed Sigmund
  2677 | D:2      | Reached skill level 4 in Spellcasting
  2677 | D:2      | Reached XP level 6. HP: 29/43 MP: 0/0
  2879 | D:2      | Found Ifatad's Assorted Antiques.
  2946 | D:2      | Found Emiynnif's Book Emporium.
  3176 | D:3      | Found a faded altar of an unknown god.
  3617 | D:3      | Reached skill level 5 in Spellcasting
  3819 | D:3      | Noticed Robin
  3826 | D:3      | Killed Robin
  4268 | D:3      | Reached XP level 7. HP: 48/48 MP: 0/0
  4268 | D:3      | Learned a level 2 spell: Wereblood
  4422 | D:3      | Found a basalt altar of Yredelemnul.
  5134 | D:4      | Found a sand-covered staircase.
  5154 | Ossuary  | Entered an ossuary
  5422 | Ossuary  | Reached skill level 1 in Short Blades
  5764 | D:4      | Reached skill level 6 in Spellcasting
  5764 | D:4      | Reached XP level 8. HP: 38/55 MP: 0/0
  6362 | D:5      | Entered Level 5 of the Dungeon
  6449 | D:5      | Identified the +1 robe "Ponifeclaa" {rN+ Regen+ SInv}
  6630 | D:5      | Found an opulent altar of Gozag.
  6746 | D:5      | Became a worshipper of Gozag Ym Sagoz the Greedy
  6815 | D:5      | Reached skill level 7 in Spellcasting
  6921 | D:5      | Noticed Blork the orc
  6926 | D:5      | Killed Blork the orc
  6946 | D:5      | Noticed Menkaure
  6951 | D:5      | Killed Menkaure
  7273 | D:5      | Noticed Prince Ribbit
  7284 | D:5      | Reached XP level 9. HP: 60/60 MP: 0/0
  7284 | D:5      | Learned a level 3 spell: Call Canine Familiar
  7286 | D:5      | Killed Prince Ribbit
  7637 | D:6      | Reached skill level 8 in Spellcasting
  8211 | D:6      | Identified the +5 ring mail of Pustocohoa {Harm Int+4}
  8428 | D:7      | Reached skill level 9 in Spellcasting
  8448 | D:7      | Found a glowing golden altar of the Shining One.
  8567 | D:7      | Reached XP level 10. HP: 55/68 MP: 0/0
  8707 | D:7      | Found a staircase to the Ecumenical Temple.
 10020 | D:8      | Found a snail-covered altar of Cheibriados.
 10144 | D:8      | Reached skill level 10 in Spellcasting
 10373 | D:9      | Noticed Grum
 10382 | D:9      | Killed Grum
 10431 | D:9      | Found a broken altar of Ashenzari.
 10580 | D:9      | Found a staircase to the Lair.
 10590 | D:9      | Reached skill level 5 in Fighting
 10591 | D:9      | Reached XP level 11. HP: 49/75 MP: 0/0
 10591 | D:9      | Learned a level 5 spell: Summon Mana Viper
 10912 | D:9      | Reached skill level 11 in Spellcasting
 10944 | D:9      | Found a blossoming altar of Fedhas.
 11085 | D:9      | Bought a scroll of immolation for 52 gold pieces
 11085 | D:9      | Bought a scroll of teleportation for 45 gold pieces
 11085 | D:9      | Bought a scroll of identify for 30 gold pieces
 11085 | D:9      | Bought a scroll of blinking for 112 gold pieces
 11085 | D:9      | Bought a scroll of enchant armour for 112 gold pieces
 11085 | D:9      | Bought a scroll of teleportation for 45 gold pieces
 11085 | D:9      | Bought a scroll of identify for 30 gold pieces
 11085 | D:9      | Bought a scroll of blinking for 112 gold pieces
 11120 | D:10     | Entered Level 10 of the Dungeon
 11176 | D:10     | Noticed Sonja
 11181 | D:10     | Killed Sonja
 11358 | D:10     | Noticed a two-headed ogre
 11364 | D:10     | Killed a two-headed ogre
 11403 | D:10     | Found a flagged portal.
 11404 | D:10     | Noticed a catoblepas
 11418 | D:10     | Killed a catoblepas
 11431 | Bailey   | Entered a bailey
 11477 | Bailey   | Noticed an orc knight
 11508 | Bailey   | Noticed an orc knight
 11540 | Bailey   | Killed an orc knight
 11749 | Bailey   | Killed an orc knight
 11750 | Bailey   | Reached skill level 12 in Spellcasting
 12049 | D:10     | Noticed a purple ugly thing
 12058 | D:10     | Killed a purple ugly thing
 12085 | D:10     | Found a shadowy altar of Dithmenos.
 12229 | D:10     | Reached XP level 12. HP: 68/83 MP: 0/0
 12327 | D:10     | Found a staircase to the Orcish Mines.
 12532 | D:10     | Found a sacrificial altar of Ru.
 12708 | D:11     | Noticed a two-headed ogre
 12717 | D:11     | Killed a two-headed ogre
 12746 | D:11     | Noticed a two-headed ogre
 12756 | D:11     | Killed a two-headed ogre
 12850 | D:11     | Noticed a boulder beetle
 12877 | D:11     | Killed a boulder beetle
 12948 | D:11     | Reached skill level 13 in Spellcasting
 13137 | Lair:1   | Entered Level 1 of the Lair of Beasts
 13171 | Lair:1   | Found a one-way gate to the infinite horrors of the Abyss.
 13211 | Lair:1   | Found a corrupted altar of Lugonu.
 13293 | Lair:1   | Noticed a six-headed hydra
 13301 | Lair:1   | Killed a six-headed hydra
 13564 | Lair:1   | Noticed a six-headed hydra
 13571 | Lair:1   | Killed a six-headed hydra
 14175 | Lair:2   | Reached skill level 14 in Spellcasting
 14175 | Lair:2   | Reached XP level 13. HP: 55/90 MP: 0/0
 14175 | Lair:2   | Learned a level 5 spell: Yara's Violent Unravelling
 14295 | Lair:2   | Noticed a catoblepas
 14306 | Lair:2   | Killed a catoblepas
 14463 | Lair:2   | Mangled by a komodo dragon

Illustrated notes

Levels and vault maps discovered:
D:1:      minmay_arrival_stair_chambers, layout_rooms, minmay_misc_feat_pillars
D:2:      layout_rooms, serial_shops, nicolae_shop_behind_doors, shop,
          minmay_tetromino_o2, uniq_sigmund
D:3:      minmay_diamond_boxcup, layout_basic, nicolae_overflow_hidden_temple,
          gup_sewer_entry_bowl, hellmonk_ecumenical_altar_defaced_shrine,
          minmay_checkerbox, uniq_robin
D:4:      layout_basic, enter_ossuary_3
D:5:      layout_layer_cave, grunt_gozag_statues, uniq_prince_ribbit1,
          uniq_menkaure, uniq_blork_the_orc
D:6:      minmay_general_purpose_star, layout_basic
D:7:      layout_loops_corners, tso_altar, minmay_temple_entry_grid,
          grunt_ministairs_5, minivault_23, kennysheep_big_empty_room,
          chequers_decorated_corner
D:8:      layout_loops_corners, amcnicky_altar_gilded, due_unseen_surprise
D:9:      layout_loops_ring, ashenzari_conservatory_becter, fedhas_altar_3,
          due_lair_maze_entry_diamond, grunt_ministairs_3, uniq_grum
D:10:     layout_basic, nicolae_vehumet_altar_sigil,
          mainiacjoe_overflow_six_doors_small, general_overflow_altar,
          orc_0_dummy, enter_bailey_3, minmay_misc_feat_more_columns,
          minmay_holes, minmay_misc_feat_encased, uniq_sonja
D:11:     layout_loops_ring, minmay_circle_x
Lair:1:   layout_layer_cave, small_statue_intersection,
          amcnicky_altar_lugonu_corruption, lemuel_fruit_fields
Lair:2:   layout_roguey, minmay_shoals_entry_beasts, grunt_forest_stairs_basic

Skill      XL: |  1  2  3  4  5  6  7  8  9 10 11 12 |
---------------+-------------------------------------+-----
Spellcasting   | 3 4 5 6 7 9 10 12 14 | 14.4
Fighting       | 1 2 3 4 5 6 7 |  7.5
Stealth        | 2 3 4 |  4.4
Short Blades   | 1 2 3 |  3.0
Dodging        | 3 4 |  4.7

Action                   |  1- 3 |  4- 6 |  7- 9 | 10-12 | 13-15 || total
-------------------------+-------+-------+-------+-------+-------++-------
Melee: Unarmed           |       |     1 |       |       |       ||     1
       Short sword       |       |     5 |    64 |    32 |       ||   101
 Cast: Foxfire           |    76 |    87 |   115 |   229 |    33 ||   540
       Scorch            |       |    42 |    82 |   121 |     5 ||   250
       Flame Wave        |       |       |     7 |    42 |     2 ||    51
       Call Canine Famil |       |       |       |     9 |     1 ||    10
       Summon Mana Viper |       |       |       |     7 |     2 ||     9
Invok: Call Merchant     |       |       |       |     1 |       ||     1
  Use: Scroll            |       |     5 |     1 |     6 |     1 ||    13
 Stab: Sleeping          |       |     1 |     4 |     1 |       ||     6
Armor: Robe              |     2 |     3 |    16 |    57 |     2 ||    80
       Animal skin       |       |     2 |    17 |       |       ||    19
Dodge: Dodged            |     5 |    25 |    64 |   119 |     5 ||   218

Table legend: (Time is in decaauts)
 A = Elapsed time spent in this place.
 B = Non-inter-level travel time spent in this place.
 C = Inter-level travel time spent in this place.
 D = Time resting spent in this place.
 E = Time spent auto-exploring this place.
 F = Levels seen in this place.
 G = Mean time per level.
                   A        B        C        D        E       F      G
               +--------+--------+--------+--------+--------+-----+--------+
         Total |  14471 |  13994 |    477 |    195 |  11309 |  15 |  964.7 |
       Dungeon |  12048 |  11584 |    464 |    145 |   9571 |  11 | 1095.3 |
          Lair |   1329 |   1316 |     13 |      0 |   1062 |   2 |  664.5 |
       Ossuary |    576 |    576 |      0 |      0 |    482 |   1 |  576.0 |
        Bailey |    517 |    517 |      0 |     50 |    194 |   1 |  517.0 |
               +--------+--------+--------+--------+--------+-----+--------+

Top non-repeatable levels by time:
     D:3: 1836 daAuts
     D:1: 1806 daAuts
     D:2: 1340 daAuts
     D:5: 1239 daAuts
     D:7: 1126 daAuts
    D:10: 1098 daAuts
  Lair:1: 972 daAuts
     D:9: 867 daAuts
     D:8: 825 daAuts
     D:4: 805 daAuts
     D:6: 733 daAuts
 Ossuary: 576 daAuts
  Bailey: 517 daAuts
    D:11: 368 daAuts
  Lair:2: 356 daAuts
